 Dungeon Crawl Stone Soup version 0.17.0-28-g6e173f8 (console) character file.

169 Kloppie the Skirmisher (level 5, -3/50 HPs)
             Began as a Hill Orc Fighter on Nov 22, 2015.
             Killed by nerve-wracking pain
             ... invoked by an orc priest
              (14 damage)
             ... on level 3 of the Dungeon.
             The game lasted 00:04:18 (1922 turns).

Kloppie the Skirmisher (Hill Orc Fighter)           Turns: 1922, Time: 00:04:18

Health: -3/50      AC:  8    Str: 24    XL:     5   Next: 50%
Magic:  5/5        EV:  7    Int:  8    God:
Gold:   80         SH:  9    Dex: 11    Spells: 0 memorised, 4 levels left

rFire  . . .     SeeInvis .     a - +0 war axe
rCold  . . .     Clarity  .     b - +0 scale mail
rNeg   . . .     SustAt   .     c - +0 shield
rPois  .         Gourm    .     (no helmet)
rElec  .         Spirit   .     (no cloak)
rCorr  .         Warding  .     m - +0 pair of gloves
rMut   .         Stasis   .     (no boots)
MR     .....                    (no amulet)
Stlth  ..........               (no ring)
                                (no ring)

@: mighty, not resistant to hostile enchantments, extremely unstealthy
A: no striking features
a: Convert to Beogh


You were on level 3 of the Dungeon.
You were not hungry.

You visited 1 branch of the dungeon, and saw 3 of its levels.

You collected 80 gold pieces.

Inventory:

Hand Weapons
 a - a +0 war axe (weapon)
Armour
 b - a +0 scale mail (worn)
 c - a +0 shield (worn)
 m - a +0 pair of gloves (worn)
Jewellery
 k - an uncursed ring of flight {unknown}
 y - an uncursed ring of positive energy {unknown}
Wands
 u - a wand of magic darts (34)
Scrolls
 g - 2 scrolls of remove curse {unknown}
 h - a scroll of amnesia {unknown}
 i - 6 scrolls of identify {unknown}
 l - a scroll of blinking {unknown}
 n - a scroll of enchant armour {unknown}
 p - 2 scrolls of fear {unknown}
 s - a scroll of random uselessness {unknown}
 w - a scroll of teleportation {unknown}
Potions
 d - 2 potions of might
 j - a potion of haste {unknown}
 q - 2 potions of resistance {unknown}
 r - a potion of invisibility {unknown}
 t - 3 potions of heal wounds {unknown}
 v - a potion of flight {unknown}
 z - 2 potions of curing {unknown}
Comestibles
 e - 3 bread rations
 f - a beef jerky
 o - a meat ration
 x - 4 fruits
 A - 6 chunks of flesh


   Skills:
 + Level 5.9 Fighting
 + Level 5.2 Axes
 - Level 3.2 Armour
 - Level 3.2 Shields


You had 4 spell levels left.
You didn't know any spells.

Dungeon Overview and Level Annotations

Branches:
Dungeon (3/15)

Altars:
Cheibriados
Kikubaaqudgha
Okawaru
Qazlal
Ru
Sif Muna
Vehumet


Message History

The orc priest shouts, "Beogh is our master!
Accept the truth or die!"
A hobgoblin comes into view. It is wielding a hand axe.
The hobgoblin shouts!
You are too injured to fight recklessly!
You barely miss the orc priest.
The orc priest is severely wounded.
You hit the orc.
The orc is almost dead.
The orc priest shouts, "Surrender to Beogh and we'll let you live!"
You hit the orc priest.
The orc priest is almost dead.
The orc priest mumbles some strange prayers to Beogh against you.
Pain shoots through your body!
* * * LOW HITPOINT WARNING * * *
The orc closely misses you. The orc priest closely misses you.
Drink which item? (? for menu, Esc to quit)
You feel very mighty all of a sudden.
The orc priest calls down the wrath of Beogh upon you.
Pain shoots through your body!
You die...

##.#.####............#
#.#.# ..#####.#.###
#...# ..# #..#.# #.#..
## #.##.# #. #.##.#
###.##.# ##..(##.#
#..#.##.## #...@o...#
#..oo8...# ##..8.8..#
#g8._.8.# ...8.8...#
##...8....# #........#
......#..#


You could see 2 orc priests, an orc and a hobgoblin.

Vanquished Creatures
  An orc priest (D:3)
  5 adders
  3 worms
  3 giant geckos
  5 orcs
  6 bats
  2 giant cockroaches
  9 goblins
  10 hobgoblins
  10 jackals (D:2)
  4 giant newts
  9 kobolds
  A quokka (D:3)
  6 rats
74 creatures vanquished.

Notes
Turn   | Place    | Note
--------------------------------------------------------------
     0 | D:1      | Kloppie the Hill Orc Fighter began the quest for the Orb.
     0 | D:1      | Reached XP level 1. HP: 19/19 MP: 1/1
   148 | D:1      | Reached skill level 4 in Fighting
   160 | D:1      | Reached XP level 2. HP: 22/27 MP: 2/2
   588 | D:2      | Found an iron altar of Okawaru.
   601 | D:2      | Reached XP level 3. HP: 24/34 MP: 3/3
   686 | D:2      | Found a deep blue altar of Sif Muna.
   687 | D:2      | Found a radiant altar of Vehumet.
   687 | D:2      | Found an ancient bone altar of Kikubaaqudgha.
   688 | D:2      | Found a snail-covered altar of Cheibriados.
   689 | D:2      | Found a stormy altar of Qazlal.
   792 | D:2      | Reached skill level 5 in Fighting
   812 | D:2      | Found a sacrificial altar of Ru.
   823 | D:2      | Reached XP level 4. HP: 42/42 MP: 4/4
  1745 | D:3      | Reached skill level 5 in Axes
  1745 | D:3      | Reached XP level 5. HP: 49/49 MP: 5/5
  1911 | D:3      | Found a faded altar to an unknown god.
  1922 | D:3      | Killed from afar by an orc priest

Action                   |  1- 3 |  4- 6 || total
-------------------------+-------+-------++-------
Melee: War axe           |   132 |   106 ||   238
  Use: Potion            |       |     1 ||     1
 Stab: Invisible         |     1 |       ||     1
       Paralysed         |       |     1 ||     1
  Eat: Chunk             |       |     4 ||     4
